 Dungeon Crawl Stone Soup version 0.25-a0-1113-g0499d652a8 (webtiles) character file.

Game seed: 14976546172742860258, levelgen mode: deterministic

115 Kono the Cudgeler (level 5, -3/33 HPs)
             Began as a Gargoyle Monk on May 17, 2020.
             Slain by a water moccasin (5 damage)
             ... on level 2 of the Dungeon.
             The game lasted 00:19:47 (1880 turns).

Kono the Cudgeler (Gargoyle Monk)                   Turns: 1880, Time: 00:19:47

Health: -3/33      AC: 10    Str: 15    XL:     5   Next: 0%
Magic:  5/5        EV: 11    Int: 11    God:
Gold:   89         SH:  0    Dex: 12    Spells: 4/4 levels left

rFire    . . .     SeeInvis .   a - +0 mace
rCold    . . .     Gourm    .   (no shield)
rNeg     + . .     Faith    .   g - +0 ring mail
rPois    ∞         Spirit   .   (no helmet)
rElec    +         Reflect  .   (no cloak)
rCorr    .         Harm     .   n - +0 pair of gloves (curse)
MR       .....                  (no boots)
Stlth    +.........             (no amulet)
HPRegen  0.11/turn              (no ring)
MPRegen  0.09/turn              (no ring)

@: stab
A: negative energy resistance 1, electricity resistance, unbreathing,
petrification resistance, rot immunity, AC +4
a: no special abilities


You were on level 2 of the Dungeon.
You were not hungry.

You visited 1 branch of the dungeon, and saw 4 of its levels.

You collected 89 gold pieces.

Inventory:

Hand Weapons
 a - a +0 mace (weapon)
 b - a +0 club
 h - a +0 short sword
 i - a +0 club
 k - a +0 whip
 l - a +0 dagger
 m - a +0 short sword
 u - a +0 club
Missiles
 e - 10 stones (quivered)
 j - 12 bolts
 p - 23 arrows
Armour
 g - a +0 ring mail (worn)
 n - a cursed +0 pair of gloves (worn)
 x - a +0 robe
Wands
 q - a wand of digging (5)
Scrolls
 d - 4 scrolls of identify {unknown}
 f - a scroll of enchant weapon {unknown}
 r - a scroll of teleportation {unknown}
 s - a scroll of noise {unknown}
 t - a scroll of remove curse {unknown}
Potions
 o - a potion of magic
 w - a potion of stabbing
Comestibles
 c - a ration
 v - a chunk of flesh


   Skills:
 + Level 4.0 Fighting
 + Level 4.2 Maces & Flails
 + Level 1.2 Armour
 + Level 3.0 Dodging
 + Level 2.4 Stealth


You had 4 spell levels left.
You didn't know any spells.
Your spell library was empty.

Dungeon Overview and Level Annotations

Branches:
Dungeon (4/15)
 Temple: D:4-7

Altars:
Fedhas
Kikubaaqudgha
Sif Muna
Trog


Innate Abilities, Weirdness & Mutations

You are resistant to torment.
Your stone body is resilient. (AC +4)
You are immune to poison.
You resist negative energy. (rN+)
You are resistant to electric shocks. (rElec)
You can survive without breathing.
You are immune to petrification.
You are immune to rotting.


Message History

The ooze is heavily wounded.
The ooze hits you but does no damage.
The water moccasin bites you but does no damage.
You hit the ooze.
You kill the ooze!
You have reached level 5!
The water moccasin bites you but does no damage. x2
The water moccasin bites you but does no damage.
The water moccasin bites you.
* * * LOW HITPOINT WARNING * * *
There is a stone staircase leading up here.
The water moccasin closely misses you. x2
You climb upwards.
There is a stone staircase leading down here.
It was a potion of stabbing.
You feel ready to backstab.
The water moccasin bites you but does no damage.
There is a stone staircase leading down here.
The water moccasin bites you.
You die...

######### #.......#
#.#####.# #.# #.#
#.#####.######## ##
#.#.......@....########
#.
#.#.###..S####........#
#. ##.........>#
#.######.# #.
#....###...##
#.....##># #. #.####
##.## #.###.##.# #. #.#
#.# #........# #. #.#
#.# #####.#### #. #.#
##+## #.# #. #.#
##...## ##.## ##


You could see a water moccasin.

Vanquished Creatures
  4 adders
  3 oozes
  2 worms (D:2)
  A dart slug (D:1)
  2 leopard geckos
  8 bats
  5 giant cockroaches
  8 hobgoblins
  2 jackals (D:1)
  7 kobolds
  A quokka (D:3)
  A ball python (D:2)
  2 frilled lizards (D:2)
  6 goblins
  6 rats
58 creatures vanquished.

Notes
Turn   | Place    | Note
-------+----------+-------------------------------------------
     0 | D:1      | Kono the Gargoyle Monk began the quest for the Orb.
     0 | D:1      | Reached XP level 1. HP: 14/14 MP: 1/1
   185 | D:1      | Reached XP level 2. HP: 18/19 MP: 2/2
   371 | D:1      | Reached XP level 3. HP: 24/24 MP: 3/3
   918 | D:2      | Reached XP level 4. HP: 29/29 MP: 4/4
   948 | D:2      | Reached skill level 1 in Armour
  1176 | D:2      | Found a bloodstained altar of Trog.
  1190 | D:2      | Found an ancient bone altar of Kikubaaqudgha.
  1190 | D:2      | Found a shimmering blue altar of Sif Muna.
  1215 | D:2      | Found a blossoming altar of Fedhas.
  1790 | D:3      | Noticed a water moccasin
  1868 | D:3      | Reached XP level 5. HP: 6/33 MP: 5/5
  1874 | D:3      | HP: 1/33 [water moccasin (6)]
  1880 | D:2      | Slain by a water moccasin

Illustrated notes

Levels and vault maps discovered:
D:1:      heliophobic_arrival_ceremonial_halls, layout_basic
D:2:      layout_loops_corners, grunt_temple_overflow_cloverleaf
D:3:      layout_loops_cross
D:4:      layout_cave_pods, kennysheep_mini, serial_shops, nicolae_shop_stone,
          minmay_starry_boxes

Skill      XL: |  1  2  3  4 |
---------------+-------------+-----
Armour         | 1 |  1.2
Maces & Flails | 4 |  4.2
Fighting       | 4 |  4.0
Dodging        | 3 |  3.0
Stealth        | |  2.4

Action                   |  1- 3 |  4- 6 || total
-------------------------+-------+-------++-------
Melee: Mace              |   110 |    83 ||   193
  Use: Potion            |       |     3 ||     3
 Stab: Sleeping          |     1 |     1 ||     2
  Eat: Chunk             |       |     3 ||     3
Armor: Ring mail         |    40 |    38 ||    78
       Robe              |     1 |       ||     1
Dodge: Dodged            |    73 |    60 ||   133

Table legend:
 A = Non-vault XP
 B = Vault XP
 C = Vault XP percentage of total XP
 D = Non-vault monster count
 E = Vault monster count
 F = Vault count percentage of total count
                 A         B        C        D         E       F
            +---------+---------+-------+---------+---------+-------
      Total |     165 |       0 |   0.0 |      58 |       0 |   0.0
            +---------+---------+-------+---------+---------+-------
        D:1 |      51 |       0 |   0.0 |      26 |       0 |   0.0
        D:2 |      86 |       0 |   0.0 |      26 |       0 |   0.0
        D:3 |      28 |       0 |   0.0 |       6 |       0 |   0.0
            +---------+---------+-------+---------+---------+-------
